 Dungeon Crawl Stone Soup version 0.26-a0-579-g3afe4966bf (webtiles) character file.

Game seed: 11273642198556380638

91 Isi the Charlatan (level 4, -2/33 HPs)
             Began as a Human Artificer on Aug 23, 2020.
             Slain by Terence
             ... wielding a +0 flail
              (5 damage)
             ... on level 3 of the Dungeon.
             The game lasted 00:16:53 (2232 turns).

Isi the Charlatan (Human Artificer)                 Turns: 2232, Time: 00:16:53

Health: -2/33      AC:  3    Str: 13    XL:     4   Next: 87%
Magic:  4/4        EV: 11    Int: 11    God:
Gold:   136        SH:  0    Dex: 14    Spells: 3/3 levels left

rFire    . . .     SeeInvis .   h - +1 hunting sling (freeze)
rCold    . . .     Faith    .   (no shield)
rNeg     . . .     Spirit   .   b - +0 leather armour
rPois    .         Reflect  .   (no helmet)
rElec    .         Harm     .   (no cloak)
rCorr    .         Rnd*Tele +   (no gloves)
MR       .....                  (no boots)
Stlth    ++........             (no amulet)
HPRegen  0.11/turn              n - ring of teleportation (curse)
MPRegen  0.09/turn              (no ring)

@: no status effects
A: no striking features
a: no special abilities


You were on level 3 of the Dungeon.
You visited 1 branch of the dungeon, and saw 3 of its levels.

You collected 136 gold pieces.

Inventory:

Hand Weapons
 h - a +1 hunting sling of freezing (weapon)
 v - a +0 dagger of pain
Missiles
 f - 17 arrows
 i - 58 stones (quivered)
 m - 22 bolts
 p - 5 boomerangs
Armour
 b - a +0 leather armour (worn)
Jewellery
 n - a cursed ring of teleportation (left hand)
 s - an uncursed amulet of magic regeneration
Wands
 c - a wand of flame (12)
 d - a wand of enslavement (14)
 e - a wand of random effects (12)
Scrolls
 k - 4 scrolls of teleportation
Potions
 r - 2 potions of might
 t - a potion of brilliance


   Skills:
 + Level 1.7 Fighting
 + Level 0.2 Short Blades
 * Level 2.4 Slings
 + Level 2.0 Armour
 + Level 1.0 Dodging
 * Level 2.1 Stealth
 + Level 3.5 Evocations


You had 3 spell levels left.
You didn't know any spells.
Your spell library was empty.

Dungeon Overview and Level Annotations

Branches:
Dungeon (3/15)

Altars:
Trog

Annotations:
D:3 Terence


Message History

Something hits you.
* * * LOW HITPOINT WARNING * * *
Something hits you but does no damage.
You feel better. Something hits you!
* * * LOW HITPOINT WARNING * * *
Something hits you but does no damage.
Evoke which item? (* to show all) (? for menu, Esc to quit)
Press: ? - help, Shift-Dir - straight line Nothing appears to happen.
Something hits you.
* * * LOW HITPOINT WARNING * * *
Evoke which item? (* to show all) (? for menu, Esc to quit)
Press: ? - help, Shift-Dir - straight line The bolt of negative energy hits something!
Something hits you.
* * * LOW HITPOINT WARNING * * *
Something hits you but does no damage. Something hits you but does no damage.
There is a stone staircase leading up here.
Something hits you.
You die...

### +.. +..##
#### #.@##
#...#####..#
#.........)# #
#..........#
..
#..........#
#.#..$....((.#
#..........(##
###.........(#
#..<.....((#


There were no monsters in sight!

Vanquished Creatures
  3 adders (D:2)
  A worm (D:2)
  A dart slug (D:1)
  2 leopard geckos (D:2)
  4 orcs (D:3)
  7 goblins
  5 hobgoblins
  9 kobolds
  A quokka (D:2)
  A ball python (D:2)
  12 bats
  5 frilled lizards
  4 rats
55 creatures vanquished.

Notes
Turn   | Place    | Note
-------+----------+-------------------------------------------
     0 | D:1      | Isi the Human Artificer began the quest for the Orb.
     0 | D:1      | Reached XP level 1. HP: 15/15 MP: 1/1
   408 | D:1      | Reached XP level 2. HP: 21/21 MP: 2/2
  1127 | D:2      | Reached XP level 3. HP: 25/26 MP: 3/3
  1183 | D:2      | Reached skill level 1 in Slings
  1321 | D:2      | Reached XP level 4. HP: 32/32 MP: 4/4
  1721 | D:2      | Found a bloodstained altar of Trog.
  2197 | D:3      | Noticed Terence
  2232 | D:3      | Slain by Terence

Illustrated notes

Levels and vault maps discovered:
D:1:      lightli_arrival_statuegarden, layout_loops_ring
D:2:      layout_loops_corners, overflow_temple_1_default
D:3:      layout_rooms, gammafunk_temple_overflow_wave, serial_bayou_pond_b,
          uniq_terence

Skill      XL: |  1  2  3  4 |
---------------+-------------+-----
Slings         | 1 2 |  2.4
Stealth        | 2 |  2.1
Fighting       | |  1.7
Short Blades   | |  0.2
Armour         | |  2.0
Dodging        | |  1.0
Evocations     | |  3.5

Action                   |  1- 3 |  4- 6 || total
-------------------------+-------+-------++-------
Melee: Dagger            |    20 |     2 ||    22
       Club              |     9 |       ||     9
 Fire: Hunting sling     |    55 |    62 ||   117
Evoke: Wand              |     3 |     4 ||     7
  Use: Potion            |     3 |     2 ||     5
       Scroll            |     3 |     1 ||     4
 Stab: Sleeping          |     1 |       ||     1
Armor: Leather armour    |    18 |    17 ||    35
Dodge: Dodged            |    24 |    13 ||    37

Table legend: (Time is in decaauts)
 A = Elapsed time spent in this place.
 B = Non-inter-level travel time spent in this place.
 C = Inter-level travel time spent in this place.
 D = Time resting spent in this place.
 E = Time spent auto-exploring this place.
 F = Levels seen in this place.
 G = Mean time per level.
                   A        B        C        D        E       F      G
               +--------+--------+--------+--------+--------+-----+--------+
         Total |   2246 |   2081 |    165 |    286 |   1330 |   3 |  748.7 |
       Dungeon |   2246 |   2081 |    165 |    286 |   1330 |   3 |  748.7 |
               +--------+--------+--------+--------+--------+-----+--------+

Top non-repeatable levels by time:
     D:1: 1112 daAuts
     D:2: 1085 daAuts
     D:3: 48 daAuts
